 Dungeon Crawl Stone Soup version 0.23-a0-629-gae4348f (webtiles) character file.

179 miscthings the Digger (level 5, 0/31 HPs)
             Began as an Octopode Earth Elementalist on Dec 26, 2018.
             Slain by a scorpion (10 damage)
             ... on level 4 of the Dungeon.
             The game lasted 00:05:48 (2776 turns).

miscthings the Digger (Octopode Earth Elementalist) Turns: 2776, Time: 00:05:48

Health: 0/31       AC:  1    Str:  7    XL:     5   Next: 59%
Magic:  3/9        EV: 14    Int: 19    God:
Gold:   160        SH:  0    Dex: 12    Spells: 3/10 levels left

rFire    + . .     SeeInvis +   f - +0 dagger
rCold    . . .     Gourm    .   (no shield)
rNeg     . . .     Faith    .   (helmet restricted)
rPois    .         Spirit   .   (no amulet)
rElec    .         Reflect  .   e - ring of see invisible
rCorr    .         Harm     .   u - ring of protection from fire
MR       .....                  (no ring)
Stlth    +++.......             (no ring)
HPRegen  0.10/turn              (no ring)
MPRegen  0.11/turn              (no ring)
                                (no ring)
                                (no ring)

@: no status effects
A: almost no armour, stealthy swim, amphibious, 8 rings, constrict 8, camouflage
1, gelatinous body 1
a: no special abilities


You were on level 4 of the Dungeon.
You were hungry.

You visited 1 branch of the dungeon, and saw 4 of its levels.

You collected 160 gold pieces.

Inventory:

Hand Weapons
 f - a +0 dagger (weapon)
Missiles
 b - 94 stones
 n - 6 javelins of returning (quivered)
Jewellery
 e - a ring of see invisible (left tentacle)
 u - a ring of protection from fire (right tentacle)
 w - an uncursed ring of resist corrosion {unknown}
Wands
 k - a wand of digging (6)
 p - a wand of paralysis (6)
 v - a wand of disintegration (12)
Scrolls
 a - a scroll of fog {unknown}
 d - a scroll of enchant weapon {unknown}
 g - a scroll of blinking {unknown}
 l - a scroll of fear {unknown}
 m - a scroll of teleportation {unknown}
 r - 2 scrolls of remove curse
 x - a scroll of enchant armour {unknown}
Potions
 h - 2 potions of heal wounds
 i - a potion of curing
 j - a potion of lignification {unknown}
 o - a potion of brilliance {unknown}
 q - 2 potions of haste {unknown}
 s - a potion of agility {unknown}
 t - a potion of mutation {unknown}
Comestibles
 c - 8 rations


   Skills:
 + Level 3.0 Dodging
 - Level 2.6 Stealth
 + Level 3.1 Spellcasting
 + Level 1.2 Transmutations
 + Level 4.7 Earth Magic
 + Level 0.5 Evocations


You had 3 spell levels left.
You knew the following spells:

 Your Spells              Type           Power        Failure   Level  Hunger
a - Sandblast             Erth           ###...       2%          1    None
b - Passwall              Tmut/Erth      ##......     7%          2    ##.....
c - Petrify               Tmut/Erth      ##......     41%         4    ####...

Your spell library contained the following spells:

 Spells                   Type           Power        Failure   Level  Hunger
 Stone Arrow              Conj/Erth      ##....       17%         3    ###....
 Lee's Rapid Deconstruct  Erth           ###.......   52%         5    ######.


Dungeon Overview and Level Annotations

Branches:
Dungeon (4/15)
 Temple: D:4-7

Altars:
Ru
Trog


Innate Abilities, Weirdness & Mutations

You cannot wear most types of armour.
You are very stealthy in the water. (Stealth+)
You are amphibious.
You can wear up to eight rings at the same time.
You can use your tentacles to constrict eight enemies at once.
Your skin changes colour to match your surroundings (Stealth+).
Your rubbery body absorbs attacks. (AC +1, EV +1)


Message History

The orc priest is almost dead.
b - 95 stones The orc priest barely misses you.
The orc hits you with a +0 club.
* * * LOW HITPOINT WARNING * * *
Casting: Sandblast (safe; 2% risk of failure)
Confirm with . or Enter, or press ? or * to list all spells.
Aiming: Sandblast (safe; 2% risk of failure)
Press: ? - help, Shift-Dir - straight line, f/p - scorpion
Aim: a scorpion The blast of sand hits the orc priest.
You kill the orc priest!
Your Dodging skill increases to level 3!
b - 94 stones The orc barely misses you.
Found a ration.
Found an escape hatch in the ceiling.
Found a dyed leather armour.
There is a stone staircase leading up here.
The scorpion stings you!
You die...

#### .... ##..#
....# o##..##
###o##...
#..o##..# #)##
#.@# ##..###.s# #
# #.....#oo#..<#
#.###..........#
#....._8_...##.%.#
#####.....### ##.#
#.....# .[
########.#### #
#........#


You could see a scorpion and 2 orcs.

Vanquished Creatures
  An orc priest (D:4)
  3 gnolls (D:2)
  2 adders (D:2)
  4 worms
  3 dart slugs
  6 leopard geckos
  8 orcs
  A giant cockroach (D:1)
  5 goblins
  8 hobgoblins
  6 jackals
  A ball python (D:2)
  5 bats
  7 frilled lizards
  6 kobolds
  10 rats
76 creatures vanquished.

Notes
Turn   | Place    | Note
-------+----------+-------------------------------------------
     0 | D:1      | miscthings the Octopode Earth Elementalist began the quest
                  | for the Orb.
     0 | D:1      | Reached XP level 1. HP: 11/11 MP: 3/3
   209 | D:1      | Reached XP level 2. HP: 17/17 MP: 5/5
   443 | D:1      | Reached XP level 3. HP: 12/21 MP: 6/6
   918 | D:2      | Found a faded altar of an unknown god.
  1182 | D:2      | Reached skill level 4 in Earth Magic
  1201 | D:2      | Reached XP level 4. HP: 17/27 MP: 2/7
  1219 | D:2      | Learned a level 2 spell: Passwall
  1224 | D:2      | Learned a level 4 spell: Petrify
  1693 | D:2      | Reached XP level 5. HP: 31/31 MP: 5/9
  2742 | D:4      | Found a sacrificial altar of Ru.
  2742 | D:4      | Found a bloodstained altar of Trog.
  2776 | D:4      | Slain by a scorpion

Vault maps used:
D:1:      elethiomel_arrival_fortress_basement
D:2:      chequers_ecumenical_altar_simple_redux
D:3:      first_ration
D:4:      chequers_temple_overflow_statue_of_worship

Skill      XL: |  1  2  3  4  5 |
---------------+----------------+-----
Earth Magic    | 4 |  4.7
Spellcasting   | 3 |  3.1
Dodging        | 3 |  3.0
Stealth        | |  2.6
Transmutations | |  1.2
Evocations     | |  0.5

Action                   |  1- 3 |  4- 6 || total
-------------------------+-------+-------++-------
Melee: Unarmed           |    41 |       ||    41
       Constrict         |    22 |    12 ||    34
       Tentacles         |    11 |     8 ||    19
       Dagger            |    41 |    37 ||    78
Throw: Javelin           |       |    30 ||    30
 Cast: Sandblast         |    13 |    24 ||    37
  Use: Scroll            |       |     4 ||     4
 Stab: Sleeping          |     9 |     6 ||    15
       Distracted        |       |     1 ||     1
  Eat: Chunk             |     1 |     4 ||     5
Armor: Skin              |     4 |     3 ||     7
Dodge: Dodged            |    56 |    25 ||    81

Table legend:
 A = Non-vault XP
 B = Vault XP
 C = Vault XP percentage of total XP
 D = Non-vault monster count
 E = Vault monster count
 F = Vault count percentage of total count
                 A         B        C        D         E       F
            +---------+---------+-------+---------+---------+-------
      Total |     254 |       3 |   1.2 |      75 |       1 |   1.3
            +---------+---------+-------+---------+---------+-------
        D:1 |      44 |       3 |   6.4 |      25 |       1 |   3.8
        D:2 |     121 |       0 |   0.0 |      28 |       0 |   0.0
        D:3 |      45 |       0 |   0.0 |      20 |       0 |   0.0
        D:4 |      44 |       0 |   0.0 |       2 |       0 |   0.0
            +---------+---------+-------+---------+---------+-------
